 Dungeon Crawl Stone Soup version 0.27-a0-1147-gb3d8e82157 (webtiles) character file.

Game seed: 11435690526705628913

509 Shayle the Covert (level 6, -1/41 HPs)
             Began as a Vampire Enchanter on May 11, 2021.
             Slain by a mummy (15 damage)
             ... in an ossuary.
             The game lasted 00:13:34 (3689 turns).

Shayle the Covert (Vampire Enchanter)               Turns: 3689, Time: 00:13:35

Health: -1/41      AC:  2    Str:  9    XL:     6   Next: 98%
Magic:  6/9        EV: 12    Int: 19    God:
Gold:   201        SH:  0    Dex: 15    Spells: 3/9 levels left

rFire    . . .     SeeInvis +   j - +7 dagger "Newtslayer" {vorpal, +Blink Str+2}
rCold    . . .     Faith    .   (no shield)
rNeg     . . .     Spirit   .   b - +0 robe
rPois    .         Reflect  .   (no helmet)
rElec    .         Harm     .   (no cloak)
rCorr    .         Rampage  .   (no gloves)
Will     .....                  (no boots)
Stlth    ++++......             (no amulet)
HPRegen  0.33/turn              (no ring)
MPRegen  0.11/turn              (no ring)

@: healing quickly
A: alive, fangs 3, see invisible, vampiric 2
a: Exsanguinate, Evoke Blink


You were in an ossuary.
You visited 1 branch of the dungeon, and saw 6 of its levels.
You also visited: Ossuary.

You collected 201 gold pieces.

Inventory:

Hand Weapons
 a - a +1 dagger
 j - the +7 dagger "Newtslayer" (weapon) {vorpal, +Blink Str+2}
   (You found it on level 6 of the Dungeon)

   It inflicts extra damage upon your enemies.
   It affects your strength (+2).
   It lets you blink.
Armour
 b - a +0 robe (worn)
Wands
 i - a wand of flame (14)
Scrolls
 d - a scroll of blinking
 f - a scroll of identify {unknown}
Potions
 c - 2 potions of curing
 e - 2 potions of flight {unknown}
 g - a potion of lignification {unknown}
 h - a potion of heal wounds {unknown}


   Skills:
 - Level 1.1 Short Blades
 - Level 2.1 Dodging
 + Level 9.4 Stealth
 - Level 2.0 Spellcasting
 + Level 7.4 Hexes
 + Level 2.6 Ice Magic


You had 3 spell levels left.
You knew the following spells:

 Your Spells              Type           Power      Damage    Failure   Level
a - Corona                Hex            33%        N/A       1%          1
b - Ensorcelled Hibernat  Hex/Ice        42%        N/A       3%          2
c - Confusing Touch       Hex            30%        N/A       2%          3

Your spell library contained the following spells:

 Spells                   Type           Power      Damage    Failure   Level
 Tukima's Dance           Hex            30%        N/A       2%          3
 Dazzling Flash           Conj/Hex       30%        N/A       11%         3
 Shock                    Conj/Air       4%         1d3       17%         1
 Static Discharge         Conj/Air       1%         N/A       26%         2
 Swiftness                Air            1%         N/A       45%         3
 Airstrike                Air            0%         N/A       86%         4
 Lightning Bolt           Conj/Air       0%         1d11      99%         5


Dungeon Overview and Level Annotations

Branches:
Dungeon (7/15)            Ossuary (1/1)
 Temple: D:4-7

Altars:
Vehumet

Shops:
D:1 :(*(


Innate Abilities, Weirdness & Mutations

Your natural rate of healing is accelerated.
You have razor-sharp teeth.
You have supernaturally acute eyesight. (SInv)
You are afflicted with vampirism and can become a bat while bloodless.


Message History

You enter an ossuary! 3 mummies come into view.
Found a gate leading back out of this place.
There is an empty arch of ancient stone here.
The mummy hits you!
You hit the mummy.
The mummy is lightly damaged.
You hit the mummy.
The mummy is moderately damaged.
The mummy barely misses you. The mummy closely misses you.
You hit the mummy. You bite the mummy, but do no damage.
The mummy is moderately damaged.
The mummy misses you.
You blink.
You hit the mummy. You bite the mummy.
The mummy is moderately damaged.
You closely miss the mummy.
The mummy is moderately damaged.
You hit the mummy.
The mummy is heavily damaged.
You completely miss the mummy.
The mummy is heavily damaged.
The mummy hits you! x2
Casting: Confusing Touch (dangerous; 2% risk of failure)
Confirm with . or Enter, or press ? or * to list all spells.
Your hands begin to glow red.
You hit the mummy but do no damage. You bite the mummy, but do no damage.
The mummy is heavily damaged.
The mummy hits you!
* * * LOW HITPOINT WARNING * * *
The mummy misses you.
Unknown command.
It was a potion of curing.
You feel better. The mummy barely misses you.
You hit the mummy but do no damage.
The mummy appears confused.
The mummy is heavily damaged.
The mummy closely misses you.
You barely miss the mummy.
The mummy is heavily damaged.
The mummy misses you. The mummy hits you!
You die...

##+##
#...#
#.∩.#
#...#
#.∩.#
##...##
#...MM#
#.#.#@#
#######


You could see 2 mummies.

Vanquished Creatures
  A water moccasin (D:6)
  A phantom (D:6)
  A bullfrog zombie (D:6)
  3 hounds
  Terence (D:2)
  Jessica (D:2)
  A mummy (D:6)
  Robin (D:2)
  3 adders
  An ufetubus (D:6)
  2 worms
  4 dart slugs
  5 orcs (D:3)
  8 ball pythons
  3 bats
  4 endoplasms
  2 giant cockroaches (D:2)
  12 goblins
  11 hobgoblins
  4 jackals (D:3)
  2 kobolds
  3 quokkas
  5 rats
79 creatures vanquished.

Notes
Turn   | Place    | Note
-------+----------+-------------------------------------------
     0 | D:1      | Shayle the Vampire Enchanter began the quest for the Orb.
     0 | D:1      | Reached XP level 1. HP: 13/13 MP: 3/3
    66 | D:1      | Found Yhotzig's Book Emporium.
   127 | D:1      | Reached skill level 5 in Stealth
   188 | D:1      | Reached XP level 2. HP: 17/19 MP: 5/5
   202 | D:1      | Learned a level 2 spell: Ensorcelled Hibernation
   228 | D:1      | Found Qiahaevoi's Antique Weapon Shoppe.
   336 | D:1      | Found Vuanwos's Assorted Antiques.
   394 | D:1      | Found Vinax's Antique Weapon Shoppe.
   407 | D:1      | Reached skill level 6 in Stealth
   630 | D:2      | Noticed Robin
   646 | D:2      | Gained mutation: You are afflicted with vampirism and can
                  | become a bat while bloodless. [Vampire growth]
   646 | D:2      | Reached XP level 3. HP: 22/24 MP: 6/6
   699 | D:2      | HP: 1/24 [hobgoblin[Robin] (5)]
   804 | D:2      | Learned a level 3 spell: Confusing Touch
  1005 | D:2      | Killed Robin
  1006 | D:2      | Reached skill level 7 in Stealth
  1297 | D:2      | Found a radiant altar of Vehumet.
  1358 | D:2      | Noticed Terence
  1420 | D:2      | Killed Terence
  1421 | D:2      | Reached skill level 5 in Hexes
  1421 | D:2      | Reached XP level 4. HP: 18/30 MP: 1/7
  1703 | D:2      | Noticed Jessica
  1710 | D:2      | Killed Jessica
  1927 | D:3      | Found a faded altar of an unknown god.
  1941 | D:3      | Reached XP level 5. HP: 21/35 MP: 8/8
  2145 | D:3      | Reached skill level 8 in Stealth
  3299 | D:4      | You fall into a shaft and drop 3 floors!
  3370 | D:6      | Reached skill level 1 in Ice Magic
  3415 | D:6      | Noticed a water moccasin
  3423 | D:6      | Killed a water moccasin
  3424 | D:6      | Reached XP level 6. HP: 41/41 MP: 9/9
  3432 | D:6      | Reached skill level 9 in Stealth
  3629 | D:6      | Identified the +7 dagger "Newtslayer" {vorpal, +Blink
                  | Str+2}
  3660 | D:6      | Found a sand-covered staircase.
  3672 | Ossuary  | Entered an ossuary
  3689 | Ossuary  | Slain by a mummy

Illustrated notes

Levels and vault maps discovered:
D:1:      pf_arrival_petrified_forest, layout_rooms, serial_shops,
          nicolae_shop_statue_plus, nicolae_shop_overgrown_old_shop,
          nicolae_shop_temple_entry_statues_fountains, shop
D:2:      layout_loops_corners, basic_altar, uniq_terence, uniq_robin,
          uniq_jessica
D:3:      layout_basic, hellmonk_ecumenical_altar_run_dry
D:4:      layout_gridville, gup_sewer_entry_glass
D:6:      layout_gridville, serial_shops, shop, gup_ossuary_entry_pyramid,
          minmay_pentangle
D:7:      layout_cave_pools, ashenzari_altar_1, hangedman_decor_points
Ossuary:  ossuary_minmay_chase

Skill      XL: |  1  2  3  4  5  6 |
---------------+-------------------+-----
Stealth        | 5 6 7 8 9 |  9.4
Hexes          | 5 6 7 |  7.4
Ice Magic      | 1 2 |  2.6
Short Blades   | |  1.1
Dodging        | |  2.1
Spellcasting   | |  2.0

Action                   |  1- 3 |  4- 6 || total
-------------------------+-------+-------++-------
Melee: Dagger            |   161 |   115 ||   276
       Bite              |    11 |     8 ||    19
 Cast: Ensorcelled Hiber |    12 |    18 ||    30
       Confusing Touch   |       |     2 ||     2
 Abil: Evoke Blink       |       |     1 ||     1
  Use: Scroll            |     1 |     6 ||     7
       Potion            |       |     1 ||     1
 Stab: Sleeping          |    16 |    27 ||    43
       Distracted        |       |     1 ||     1
       Confused          |       |     2 ||     2
Armor: Robe              |    15 |    12 ||    27
       Skin              |     9 |       ||     9
Dodge: Dodged            |    88 |    47 ||   135

Table legend: (Time is in decaauts)
 A = Elapsed time spent in this place.
 B = Non-inter-level travel time spent in this place.
 C = Inter-level travel time spent in this place.
 D = Time resting spent in this place.
 E = Time spent auto-exploring this place.
 F = Levels seen in this place.
 G = Mean time per level.
                   A        B        C        D        E       F      G
               +--------+--------+--------+--------+--------+-----+--------+
         Total |   3675 |   3511 |    164 |    697 |   1478 |   7 |  525.0 |
       Dungeon |   3658 |   3494 |    164 |    697 |   1478 |   6 |  609.7 |
       Ossuary |     16 |     16 |      0 |      0 |      0 |   1 |   16.0 |
               +--------+--------+--------+--------+--------+-----+--------+

Top non-repeatable levels by time:
     D:2: 1490 daAuts
     D:3: 1124 daAuts
     D:1: 573 daAuts
     D:6: 367 daAuts
     D:4: 99 daAuts
 Ossuary: 16 daAuts
     D:7: 3 daAuts
